 Dungeon Crawl Stone Soup version 0.30-a0-557-ge2afbf3030 (webtiles) character file.

Game seed: 13118789223094751295

58 IdlyInterested the Sneak (level 3, 0/27 HPs)
             Began as a Demonspawn Brigand on Dec 27, 2022.
             Slain by a gnoll
             ... wielding a +0 spear
              (3 damage)
             ... on level 2 of the Dungeon.
             The game lasted 00:02:45 (1182 turns).

IdlyInterested the Sneak (Demonspawn Brigand)       Turns: 1182, Time: 00:02:46

Health: 0/27       AC:  3    Str: 11    XL:     3   Next: 75%
Magic:  3/3        EV: 12    Int: 12    God:
Gold:   8          SH:  0    Dex: 16    Spells: 2/2 levels left

rFire   . . .      SeeInvis .    a - +2 dagger
rCold   . . .      Faith    .    (no shield)
rNeg    . . .      Spirit   .    b - +0 robe
rPois   .          Reflect  .    (no helmet)
rElec   .          Harm     .    c - +0 cloak
rCorr   .          Rampage  .    (no gloves)
Will    .....                    (no boots)
Stlth   +++                      (no amulet)
HPRegen 0.24/turn                (no ring)
MPRegen 0.08/turn                (no ring)

@: mighty, flying
A: demonic touch 1
a: no special abilities


You were on level 2 of the Dungeon.
You visited 1 branch of the dungeon, and saw 2 of its levels.

You collected 8 gold pieces.

Inventory:

Hand Weapons
 a - a +2 dagger (weapon)
 g - a +1 dagger of draining
Missiles
 d - 8 poisoned darts (quivered)
 e - 3 curare-tipped darts
 i - 5 boomerangs
Armour
 b - a +0 robe (worn)
 c - a +0 cloak (worn)
Potions
 k - a potion of brilliance


   Skills:
 + Level 2.1 Fighting
 - Level 1.7 Short Blades
 - Level 1.7 Throwing
 * Level 0.5 Armour
 - Level 1.0 Dodging
 * Level 5.0 Stealth


You had 2 spell levels left.
You didn't know any spells.
Your spell library contained the following spells:

 Spells                   Type           Power      Damage    Failure   Level
 Beastly Appendage        Tmut           0%         N/A       32%         1
 Wereblood                Tmut           0%         N/A       45%         2
 Spider Form              Tmut/Pois      0%         N/A       69%         3


Dungeon Overview and Level Annotations

Branches:
Dungeon (2/15)

Altars:


Innate Abilities, Weirdness & Mutations

Your touch may inflict minor irresistible damage on your foes.


Message History

The gnoll barely misses you. The gnoll closely misses you.
The gnoll barely misses you. The gnoll hits you with a +0 spear.
You barely miss the gnoll. Your touch misses the gnoll.
The gnoll is lightly wounded.
The gnoll closely misses you. The gnoll barely misses you.
You puncture the gnoll!
You touch the gnoll.
You kill the gnoll!
The gnoll hits you from afar with a +0 spear.
The gnoll completely misses you. The gnoll barely misses you.
You puncture the gnoll!
The gnoll is almost dead.
The gnoll hits you from afar with a +0 spear!
The gnoll hits you with a +0 spear. The kobold misses you.
The gnoll closely misses you.
You completely miss the gnoll. Your touch misses the gnoll.
The gnoll is almost dead.
You hit the gnoll.
You kill the gnoll!
The gnoll misses you. The kobold misses you.
The gnoll hits you from afar with a +0 spear.
You barely miss the gnoll.
You touch the gnoll!
The gnoll is severely wounded.
The gnoll closely misses you. The kobold barely misses you.
The gnoll hits you from afar with a +0 spear.
* * * LOW HITPOINT WARNING * * *
You puncture the gnoll!
You kill the gnoll!
The gnoll looks more healthy.
The kobold hits you but does no damage. The gnoll barely misses you.
Your Stealth skill increases to level 5!
It was a potion of flight.
You feel very buoyant.
You fly up into the air.
The kobold misses you.
The gnoll hits you from afar with a +0 spear.
* * * LOW HITPOINT WARNING * * *
You puncture the kobold!
You kill the kobold!
The gnoll hits you from afar with a +0 spear.
You die...

########.
#........
#@......#
#.g))).....#
#.(..?.$..##
#..........#
......#..#.##
.##.... .##.#
#.... .# #
#.... .#


You could see a gnoll.

Vanquished Creatures
  3 gnolls (D:2)
  A dart slug (D:1)
  A ball python (D:1)
  An endoplasm (D:1)
  3 giant cockroaches (D:1)
  3 goblins (D:1)
  3 jackals (D:2)
  3 kobolds
  A quokka (D:1)
  5 bats (D:1)
  A frilled lizard (D:1)
  2 rats (D:1)
27 creatures vanquished.

Notes
Turn   | Place    | Note
-------+----------+-------------------------------------------
     0 | D:1      | IdlyInterested the Demonspawn Brigand began the quest for
                  | the Orb.
     0 | D:1      | Reached XP level 1. HP: 16/16 MP: 1/1
   166 | D:1      | Reached skill level 1 in Dodging
   231 | D:1      | Reached skill level 4 in Stealth
   274 | D:1      | Gained mutation: Your touch may inflict minor irresistible
                  | damage on your foes. [demonic ancestry]
   274 | D:1      | Reached XP level 2. HP: 22/22 MP: 2/2
  1071 | D:2      | Reached XP level 3. HP: 12/27 MP: 3/3
  1181 | D:2      | Reached skill level 5 in Stealth
  1182 | D:2      | Slain by a gnoll

Illustrated notes

Levels and vault maps discovered:
D:1:      dpeg_arrival_shrine, layout_loops_corners,
          hangedman_decor_diamond_cutter, minmay_distorted
D:2:      layout_basic

Skill      XL: |  1  2  3 |
---------------+----------+-----
Dodging        | 1 |  1.0
Stealth        | 4 5 |  5.0
Fighting       | |  2.1
Short Blades   | |  1.7
Throwing       | |  1.7
Armour         | |  0.5

Action                   || total
-------------------------++-------
Melee: Dagger            ||    56
       Touch             ||     6
Throw: Dart              ||     1
  Use: Scroll            ||     3
       Potion            ||     2
 Stab: Sleeping          ||    10
Armor: Robe              ||    12
Dodge: Dodged            ||    46

Table legend: (Time is in decaauts)
 A = Elapsed time spent in this place.
 B = Non-inter-level travel time spent in this place.
 C = Inter-level travel time spent in this place.
 D = Time resting spent in this place.
 E = Time spent auto-exploring this place.
 F = Levels seen in this place.
 G = Mean time per level.
                   A        B        C        D        E       F      G
               +--------+--------+--------+--------+--------+-----+--------+
         Total |   1178 |   1046 |    132 |     78 |    771 |   2 |  589.0 |
       Dungeon |   1178 |   1046 |    132 |     78 |    771 |   2 |  589.0 |
               +--------+--------+--------+--------+--------+-----+--------+

Top non-repeatable levels by time:
     D:1: 1073 daAuts
     D:2: 105 daAuts
